 Dungeon Sprint DCSS version 0.20.1-1-g8b1a95d (webtiles) character file.

423 JustSomeDude the Covered (level 6, 0/56 HPs)
             Began as a Demonspawn Fighter on Aug 26, 2017.
             Was an Initiate of Uskayaw.
             Slain by Sonja
             ... wielding a +1 dagger of draining
              (1 damage)
             ... in the Dungeon (Sprint I: "Red Sonja").
             The game lasted 00:03:54 (357 turns).

JustSomeDude the Covered (Demonspawn Fighter)        Turns: 357, Time: 00:03:55

Health: 0/56       AC:  6    Str: 18    XL:     6   Next: 63%
Magic:  6/6        EV:  6    Int:  9    God:    Uskayaw [......]
Gold:   297        SH:  7    Dex: 13    Spells: 5/5 levels left

rFire    . . .     SeeInvis .   a - +0 war axe
rCold    . . .     Gourm    .   c - +0 shield
rNeg     . . .     Faith    .   b - +0 scale mail
rPois    .         Spirit   .   (no helmet)
rElec    .         Reflect  .   (no cloak)
rCorr    .         Harm     .   (no gloves)
MR       .....     NoTele   +   (no boots)
Stlth    ..........             (no amulet)
Regen    0.2/turn               (no ring)
MPRegen  0.1/turn               (no ring)

@: extremely drained
A: claws 2, spiny 1
a: Renounce Religion


You were in the Dungeon.
You worshipped Uskayaw.
Uskayaw was noncommittal.
You were not hungry.

You visited 1 branch You collected 297 gold pieces.

Inventory:

Hand Weapons
 a - a +0 war axe (weapon)
Armour
 b - a +0 scale mail (worn)
 c - a +0 shield (worn)
Wands
 j - a wand of digging (16/24)
Scrolls
 k - a scroll of blinking
Potions
 i - 2 potions of magic
Comestibles
 f - a bread ration
 l - a meat ration


   Skills:
 + Level 7.8(0.0) Fighting
 + Level 6.6(0.0) Axes
 + Level 7.9(0.0) Armour
 + Level 0.1(0.0) Dodging
 + Level 6.4(0.0) Shields


You had 5 spell levels left.
You didn't know any spells.

Dungeon Overview and Level Annotations

Branches:
Dungeon (1/1)

Altars:
Cheibriados
Dithmenos
Elyvilon
Fedhas
Gozag
Hepliaklqana
Kikubaaqudgha
Nemelex Xobeh
Okawaru
Qazlal
Ru
Sif Muna
Trog
Uskayaw
Vehumet
Yredelemnul
Zin
The Shining One

Shops:
D %

Annotations:
D Sonja


Innate Abilities, Weirdness & Mutations

You have very sharp fingernails.
You are partially covered in sharp spines.


Message History

Evoke which item? (* to show all) (? for menu, Esc to quit)
Aiming: Dig
Press: ? - help, Shift-Dir - straight line Nothing appears to happen.
This wand has 17 charges left.
Evoke which item? (* to show all) (? for menu, Esc to quit)
Aiming: Dig
Press: ? - help, Shift-Dir - straight line The rock shatters into small pieces.
This wand has 16 charges left.
Sonja opens the door.
You close the door.
Sonja opens the door.
You close the door.
Sonja opens the door.
You close the door.
Sonja opens the door.
You closely miss Sonja.
Sonja bows elegantly.
Sonja hits you with an uncursed dagger of draining.
* * * LOW HITPOINT WARNING * * *
You feel drained.
* * * LOW HITPOINT WARNING * * *
Sonja hits you with an uncursed dagger of draining.
You die...

################
#<.#..').#..'..#
#..').#..').#..+
#..#####'.####'#
#..####..#...#.#
#..#__####@(##.#
#..#_____##K#..+
#⌠⌠#_.∩...'.(._#
####_..__##_(#+#
#_____###(#
####### #.# $.$
#$.$# ##.##


You could see Sonja.

Vanquished Creatures
  Sigmund (D)
  A yak (D)
  An ogre (D)
  A jelly (D)
  Ijyb (D)
5 creatures vanquished.

Notes
Turn   | Place    | Note
-------+----------+-------------------------------------------
     0 | D        | JustSomeDude the Demonspawn Fighter began the quest for the Orb.
     0 | D        | Reached XP level 1. HP: 18/18 MP: 1/1
     1 | D        | Noticed Ijyb
    18 | D        | Killed Ijyb
    18 | D        | Gained mutation: You have sharp fingernails. [demonic ancestry]
    18 | D        | Reached XP level 2. HP: 14/25 MP: 2/2
    23 | D        | Noticed an ogre
    31 | D        | Killed an ogre
    31 | D        | Reached skill level 5 in Fighting
    31 | D        | Reached skill level 5 in Armour
    31 | D        | Gained mutation: You are partially covered in sharp spines. [demonic ancestry]
    31 | D        | Reached XP level 3. HP: 34/34 MP: 3/3
    31 | D        | Reached XP level 4. HP: 40/40 MP: 4/4
    67 | D        | Noticed Sigmund
    84 | D        | Killed Sigmund
    84 | D        | Reached skill level 5 in Axes
    84 | D        | Reached skill level 5 in Shields
    84 | D        | Gained mutation: You have very sharp fingernails. [demonic ancestry]
    84 | D        | Reached XP level 5. HP: 27/48 MP: 5/5
   100 | D        | Found a deep blue altar of Sif Muna.
   102 | D        | Found a radiant altar of Vehumet.
   107 | D        | Reached XP level 6. HP: 28/55 MP: 6/6
   256 | D        | Found Begivaim's Food Emporium.
   256 | D        | Found an ancient bone altar of Kikubaaqudgha.
   256 | D        | Found a hazy altar of Hepliaklqana.
   256 | D        | Found a stormy altar of Qazlal.
   256 | D        | Found a hide-covered altar of Uskayaw.
   256 | D        | Found a blossoming altar of Fedhas.
   256 | D        | Found a bloodstained altar of Trog.
   256 | D        | Found an iron altar of Okawaru.
   256 | D        | Found a basalt altar of Yredelemnul.
   256 | D        | Found a glowing golden altar of the Shining One.
   256 | D        | Found a snail-covered altar of Cheibriados.
   256 | D        | Found a sacrificial altar of Ru.
   256 | D        | Found a glowing silver altar of Zin.
   256 | D        | Found a shadowy altar of Dithmenos.
   256 | D        | Found a white marble altar of Elyvilon.
   256 | D        | Noticed a yak
   273 | D        | Killed a yak
   275 | D        | Found an opulent altar of Gozag.
   288 | D        | Found a sparkling altar of Nemelex Xobeh.
   293 | D        | Became a worshipper of Uskayaw the Reveler
   303 | D        | Noticed Sonja
   348 | D        | HP: 2/56 [Sonja/uncursed dagger of draining (2)]
   357 | D        | HP: 2/56 [Sonja/uncursed dagger of draining (2)]
   357 | D        | Slain by Sonja

Skill      XL: |  1  2  3  4  5  6 |
---------------+-------------------+-----
Fighting       | 4 5 7 |  7.8
Axes           | 2 3 5 6 |  6.6
Armour         | 4 5 7 |  7.9
Shields        | 3 4 5 6 |  6.4
Dodging        | |  0.1

Action                   |  1- 3 |  4- 6 || total
-------------------------+-------+-------++-------
Melee: War axe           |    21 |    45 ||    66
Evoke: Wand              |       |     2 ||     2
  Use: Potion            |     3 |     3 ||     6
       Scroll            |       |     1 ||     1
Armor: Scale mail        |     6 |    32 ||    38
Dodge: Dodged            |     4 |    21 ||    25
Block: Shield            |     9 |    30 ||    39
